 Dungeon Crawl Stone Soup version 0.17-a0-1510-gb3fb22e (webtiles) character file.

242 urechis the Sneak (level 6, 0/55 HPs)
             Began as a Kobold Berserker on July 11, 2015.
             Was a Priest of Trog.
             Succumbed to a scorpion's poison
             ... on level 4 of the Dungeon.
             The game lasted 00:05:38 (2465 turns).

urechis the Sneak (Kobold Berserker)                Turns: 2465, Time: 00:05:38

Health: 0/55       AC:  5    Str: 20    XL:     6   Next: 30%
Magic:  6/6        EV: 15    Int:  5    God:    Trog [***...]
Gold:   123        SH:  0    Dex: 18    Spells: 0 memorised, 5 levels left

rFire  + . .     SeeInvis .     a - +0 short sword
rCold  . . .     Clarity  .     d - +0 leather armour (curse)
rNeg   . . .     SustAt   .     (shield restricted)
rPois  .         Gourm    .     r - +0 helmet
rElec  .         Spirit   .     b - +0 cloak
rCorr  .         Warding  .     (no gloves)
rMut   .         Stasis   .     (no boots)
MR     .....                    (no amulet)
Stlth  ..........               (no ring)
                                s - ring of protection from fire

@: berserking, lethally poisoned (0 -> -25), very quick, not resistant to
hostile enchantments, extremely unstealthy
A: carnivore 3
a: Burn Spellbooks, Berserk, Trog's Hand, Renounce Religion


You were on level 4 of the Dungeon.
You worshipped Trog.
Trog was most pleased with you.
You were full.

You visited 1 branch of the dungeon, and saw 4 of its levels.

You collected 123 gold pieces.

Inventory:

Hand weapons
 a - a +0 short sword (weapon)
Missiles
 e - 24 poisoned needles
 h - 8 tomahawks (quivered)
 k - a throwing net
Armour
 b - a +0 cloak (worn)
 d - a cursed +0 leather armour (worn)
 g - a +4 ring mail
 r - a +0 helmet (worn)
Jewellery
 s - a ring of protection from fire (left hand)
Scrolls
 f - a scroll of immolation {unknown}
 i - 2 scrolls of fog {unknown}
 j - 2 scrolls of teleportation {unknown}
 l - a scroll of enchant weapon {unknown}
 n - a scroll of amnesia {unknown}
 o - 2 scrolls of blinking {unknown}
 p - 2 scrolls of recharging {unknown}
 q - a scroll of noise {unknown}
 u - 2 scrolls of identify {unknown}
 w - a scroll of remove curse {unknown}
Potions
 m - a potion of magic {unknown}
 t - a potion of curing {unknown}
 v - 3 potions of mutation {unknown}
Comestibles
 c - 4 meat rations


   Skills:
 - Level 3.5 Fighting
 - Level 4.2 Short Blades
 - Level 1.5 Armour
 - Level 2.5 Dodging
 + Level 7.8 Stealth


You had 5 spell levels left.
You didn't know any spells.

Dungeon Overview and Level Annotations

Branches:
Dungeon (4/15)
 Temple: D:4-7

Altars:
Cheibriados


Innate Abilities, Weirdness & Mutations

You are small and have problems with some larger weapons.
You are carnivorous and can eat meat at any time.


Message History

Use which ability? (? or * to list)
A red film seems to cover your vision as you go berserk!
You feel yourself moving faster!
You feel mighty!
You feel somewhat less full.
* * * LOW HITPOINT WARNING * * *
You feel sick. The scorpion stings you!
* * * LOW HITPOINT WARNING * * *
You are more poisoned.
The scorpion poisons you!
You are too berserk!
Unknown command.
You puncture the scorpion!
You kill the scorpion!
Trog accepts your kill.
* * * LOW HITPOINT WARNING * * *
You feel sick.
There is a lethal amount of poison in your body!
* * * LOW HITPOINT WARNING * * *
You feel sick.
You feel a strong urge to attack something.
You die...

.# .# #
#####.##.#
#...(....
##+##......#
#...#......#
#...#).)...#
#...#.@?...#
#.<.#......#
#...#?.....#
#...#......#
####..........#
#...........###
#.###.......#
#......†....#
###.........#


There were no monsters in sight!

Vanquished Creatures
  A scorpion (D:4)
  3 orc priests (D:3)
  3 adders
  An ooze (D:2)
  2 worms
  A giant gecko (D:1)
  4 orcs (D:3)
  12 bats
  13 goblins
  11 hobgoblins
  2 jackals (D:2)
  7 kobolds
  A ball python (D:3)
  A giant cockroach (D:3)
  4 giant newts
  8 rats
74 creatures vanquished.

Notes
Turn   | Place    | Note
--------------------------------------------------------------
     0 | D:1      | urechis the Kobold Berserker began the quest for the Orb.
     0 | D:1      | Reached XP level 1. HP: 14/14 MP: 1/1
   207 | D:1      | Reached XP level 2. HP: 10/19 MP: 2/2
   362 | D:1      | Reached skill level 1 in Stealth
   567 | D:1      | Reached XP level 3. HP: 21/23 MP: 3/3
   713 | D:2      | Acquired Trog's second power
   968 | D:2      | Found a snail-covered altar of Cheibriados.
   986 | D:2      | Reached XP level 4. HP: 7/28 MP: 4/4
  1433 | D:3      | Reached skill level 5 in Stealth
  1433 | D:3      | Reached XP level 5. HP: 16/32 MP: 5/5
  1443 | D:3      | Reached skill level 6 in Stealth
  1986 | D:3      | Reached skill level 7 in Stealth
  2174 | D:3      | Reached XP level 6. HP: 37/37 MP: 6/6
  2464 | D:4      | HP: 1/55 [poisoned by a scorpion]
  2465 | D:4      | Succumbed to a scorpion's poison

Vault maps used:
D:1:      minmay_arrival_diagonal_passages
D:2:      minmay_misc_feat_cross, corexii_hall_statues_x, cheibriados_altar_1
D:4:      minmay_temple_entry_mist, minmay_misc_feat_columns,
          kennysheep_another_room, uniq_natasha, uniq_robin, uniq_grinder,
          uniq_crazy_yiuf_cottage

Action                   |  1- 3 |  4- 6 || total
-------------------------+-------+-------++-------
Melee: Short sword       |   111 |   154 ||   265
Invok: Berserk           |     1 |     3 ||     4
 Stab: Sleeping          |     6 |    12 ||    18
       Distracted        |       |     1 ||     1
  Eat: Chunk             |     7 |     7 ||    14
